 Dungeon Crawl Stone Soup version 0.26-b1-32-g5d43845318 (webtiles) character file.

Game seed: 15101689404001996497

50 Arthanis the Firebug (level 3, -3/19 HPs)
             Began as a Deep Elf Fire Elementalist on Jan 11, 2021.
             Shot with an arrow by a centaur (7 damage)
             ... on level 3 of the Dungeon.
             The game lasted 00:02:45 (2101 turns).

Arthanis the Firebug (Deep Elf Fire Elementalist)   Turns: 2101, Time: 00:02:45

Health: -3/19      AC:  4    Str:  5    XL:     3   Next: 55%
Magic:  7/10       EV: 13    Int: 20    God:
Gold:   135        SH:  0    Dex: 15    Spells: 5/9 levels left

rFire    . . .     SeeInvis .   (no weapon)
rCold    . . .     Faith    .   (no shield)
rNeg     . . .     Spirit   .   a - +0 robe
rPois    .         Reflect  .   m - +1 helmet
rElec    .         Harm     .   (no cloak)
rCorr    .         Rampage  .   (no gloves)
Will     .....                  (no boots)
Stlth    +++.......             (no amulet)
HPRegen  0.06/turn              g - ring of stealth
MPRegen  0.12/turn              (no ring)

@: no status effects
A: no striking features
a: no special abilities


You were on level 3 of the Dungeon.
You visited 1 branch of the dungeon, and saw 3 of its levels.

You collected 135 gold pieces.

Inventory:

Armour
 a - a +0 robe (worn)
 j - a +0 helmet
 m - a +1 helmet (worn)
Jewellery
 g - a ring of stealth (left hand)
Scrolls
 b - 5 scrolls of identify {unknown}
 c - 4 scrolls of remove curse {unknown}
 d - 2 scrolls of blinking {unknown}
 e - a scroll of enchant armour {unknown}
 k - 2 scrolls of teleportation {unknown}
 n - a scroll of fog {unknown}
Potions
 f - a potion of heal wounds {unknown}
 h - a potion of cancellation {unknown}
 i - a potion of might {unknown}
 l - a potion of lignification {unknown}


   Skills:
 - Level 2.4 Dodging
 - Level 2.4 Stealth
 + Level 3.7 Spellcasting
 + Level 2.1 Conjurations
 * Level 4.3 Fire Magic


You had 5 spell levels left.
You knew the following spells:

 Your Spells              Type           Power        Failure   Level
a - Foxfire               Conj/Fire      64%          3%          1
b - Conjure Flame         Conj/Fire      16%          11%         3

Your spell library contained the following spells:

 Spells                   Type           Power        Failure   Level
 Inner Flame              Hex/Fire       12%          16%         3
 Sticky Flame             Conj/Fire      16%          34%         4
 Fireball                 Conj/Fire      8%           69%         5


Dungeon Overview and Level Annotations

Branches:
Dungeon (3/15)

Altars:


Message History

You conjure some foxfire!
The centaur shouts!
The kobold shouts!
You hear a shout! x2
The centaur unwields a +0 dagger.
The centaur wields a +1 shortbow of flaming.
It bursts into flame!
The centaur shoots an arrow.
The arrow barely misses you.
Casting: Foxfire (safe; 3% risk of failure)
Confirm with . or Enter, or press ? or * to list all spells.
You conjure some foxfire!
A kobold comes into view.
Your foxfire dissipates!
Your foxfire dissipates!
Casting: Foxfire (safe; 3% risk of failure)
Confirm with . or Enter, or press ? or * to list all spells.
You conjure some foxfire!
Your foxfire dissipates!
The centaur shoots an arrow.
The arrow hits you!
Ouch! That really hurt!
* * * LOW HITPOINT WARNING * * *
The arrow burns you!
You die...

###########
#.........#
#.#######.#
#......<#.#
#########@#
...v§§§.######
########.....#
########.....#..
................
########c....#..
#K....# .
......# §......#


You could see a centaur and a kobold.

Vanquished Creatures
  An adder (D:3)
  A dart slug (D:2)
  2 leopard geckos (D:1)
  A giant cockroach (D:1)
  5 goblins
  9 hobgoblins
  4 kobolds (D:1)
  3 bats
  3 frilled lizards (D:1)
  8 rats (D:1)
37 creatures vanquished.

Vanquished Creatures (others)
  157 foxfires
157 creatures vanquished.

Grand Total: 194 creatures vanquished

Notes
Turn   | Place    | Note
-------+----------+-------------------------------------------
     0 | D:1      | Arthanis the Deep Elf Fire Elementalist began the quest for
                  | the Orb.
     0 | D:1      | Reached XP level 1. HP: 10/10 MP: 6/6
   221 | D:1      | Reached XP level 2. HP: 15/15 MP: 2/8
   816 | D:1      | Reached skill level 4 in Fire Magic
  1350 | D:2      | Reached XP level 3. HP: 19/19 MP: 5/10
  1354 | D:2      | Learned a level 3 spell: Conjure Flame
  2093 | D:3      | Noticed a centaur
  2101 | D:3      | Shot with an arrow by a centaur

Illustrated notes

Levels and vault maps discovered:
D:1:      minmay_arrival_cross, layout_basic
D:2:      layout_loops_cross, amcnicky_mini_rare_corridor_liquid
D:3:      layout_basic

Skill      XL: |  1  2  3 |
---------------+----------+-----
Fire Magic     | 4 |  4.3
Conjurations   | 2 |  2.1
Dodging        | |  2.4
Stealth        | |  2.4
Spellcasting   | |  3.7

Action                   || total
-------------------------++-------
Melee: Unarmed           ||     2
 Cast: Foxfire           ||    99
Armor: Robe              ||     3
Dodge: Dodged            ||    10
